 Dungeon Crawl Stone Soup version 0.30-a0-920-g7493c07aab (webtiles) character file.

Game seed: 14106406206266074662

105123 jasper the Peltast (level 15, 0/126 HPs)
             Began as a Grey Draconian Hedge Wizard on Mar 21, 2023.
             Was the Champion of Vehumet.
             Slain by an anaconda (14 damage)
             ... led by a naga ritualist
             ... on level 1 of the Snake Pit.
             The game lasted 00:52:12 (26722 turns).

jasper the Peltast (Grey Draconian Hedge Wizard)   Turns: 26722, Time: 00:52:13

Health: 0/126      AC: 20    Str: 13    XL:     15   Next: 93%
Magic:  22/29      EV: 11    Int: 22    God:    Vehumet [******]
Gold:   2387       SH: 12    Dex: 10    Spells: 5/35 levels left

rFire   . . .      SeeInvis .    E - +3 demon whip (flame)
rCold   + . .      Faith    .    I - +0 kite shield
rNeg    . . .      Spirit   .    (body armour unavailable)
rPois   +          Reflect  .    b - +0 hat
rElec   .          Rampage  .    V - +1 cloak
rCorr   .                        x - +2 pair of gloves
Will    +....                    k - +0 pair of boots
Stlth   ++                       G - amulet of magic regeneration
HPRegen 0.41/turn                q - ring of poison resistance
MPRegen 0.61/turn                a - ring of protection from cold

@: marked, constricted
A: AC +14, amphibious, unfitting armour, cold-blooded
a: Renounce Religion


You were on level 1 of the Snake Pit.
You worshipped Vehumet.
Vehumet was exalted by your worship.
You visited 5 branches of the dungeon, and saw 24 of its levels.
You also visited: Ice Cave.

You collected 2588 gold pieces.
You spent 201 gold pieces at shops.

Inventory:

Hand Weapons
 E - a +3 demon whip of flaming (weapon)
 H - the +7 morningstar of Tegrunk {flame, Will+ MP+9}
   (You found it on level 7 of the Dungeon)

   MP:        It affects your magic capacity (+9).
   Will:      It increases your willpower.
Missiles
 g - 15 curare-tipped darts
 j - 190 stones
 o - 6 atropa-tipped darts
 O - 13 poisoned darts
 R - 3 throwing nets
Armour
 b - a +0 hat (worn)
 k - a +0 pair of boots (worn)
 x - a +2 pair of gloves (worn)
 I - a +0 kite shield (worn)
 V - a +1 cloak (worn)
Magical Staves
 m - the staff of poison "Tietrec" {Drain Fly rPois rF++ Dex-2}
   (You found it on level 1 of the Lair of Beasts)

   [staff of poison]

   Base accuracy: +5 Base damage: 5 Base attack delay: 1.2 This weapon's minimum
   attack delay (0.6) is reached at skill level 12.
   Dex:       It affects your dexterity (-2).
   rF:        It greatly protects you from fire.
   rPois:     It protects you from poison.
   Fly:       It grants you flight.
   Drain:     It drains your maximum health when unequipped.
   It falls into the 'Staves' category.
   It is a one-handed weapon.
Jewellery
 a - a ring of protection from cold (right hand)
 p - a ring of willpower
 q - a ring of poison resistance (left hand)
 G - an amulet of magic regeneration (around neck)
 K - a ring of positive energy
 T - a ring of protection from fire
Wands
 i - a wand of iceblast (21)
 r - a wand of flame (45)
 B - a wand of light (2)
 N - a wand of charming (10)
 W - a wand of polymorph (2)
 Z - a wand of mindburst (10)
Scrolls
 f - 4 scrolls of blinking
 h - 4 scrolls of enchant armour
 l - 2 scrolls of immolation
 s - 2 scrolls of silence
 u - 4 scrolls of fear
 w - a scroll of poison
 y - a scroll of vulnerability
 z - 11 scrolls of identify
 F - 9 scrolls of teleportation
 L - a scroll of torment
 M - a scroll of fog
 S - 3 scrolls of magic mapping
Potions
 c - 5 potions of magic
 e - 3 potions of invisibility
 t - 4 potions of ambrosia
 A - 2 potions of haste
 C - 3 potions of cancellation
 D - a potion of brilliance
 P - 4 potions of mutation
 Q - 6 potions of might
 U - 7 potions of curing
 Y - 4 potions of flight
Miscellaneous
 n - a phial of floods
 J - a lightning rod (1/4)
 X - a tin of tremorstones (1/2)


   Skills:
 - Level 10.0 Fighting
 - Level 10.0 Dodging
 - Level 1.7 Stealth
 - Level 15.0 Shields
 + Level 10.8 Spellcasting
 + Level 11.0 Conjurations
 - Level 4.2 Hexes
 - Level 3.0 Summonings
 - Level 2.0 Necromancy
 - Level 3.0 Translocations
 - Level 3.0 Transmutations
 - Level 3.2 Ice Magic
 - Level 1.5 Air Magic
 * Level 11.5 Earth Magic
 - Level 2.0 Poison Magic
 - Level 6.0 Evocations


You had 5 spell levels left.
You knew the following spells:

 Your Spells              Type           Power      Damage    Failure   Level
a - Passwall              Tmut/Erth      36%        N/A       1%          2
b - Blink                 Tloc           50%        N/A       4%          2
c - Iron Shot             Conj/Erth      29%        9d6       4%          6
d - Cigotuvi's Dreadful   Necr/Pois/Air  40%        N/A       7%          2
e - Mephitic Cloud        Conj/Pois/Air  33%        N/A       1%          3
f - Ozocubu's Armour      Ice            26%        N/A       8%          3
g - Stone Arrow           Conj/Erth      100%       3d13      1%          3
h - Fulminant Prism       Conj/Hex       22%        3d12      1%          4
i - Yara's Violent Unrav  Hex/Tmut       14%        3d7       16%         5

Your spell library contained the following spells:

 Spells                   Type           Power      Damage    Failure   Level
 Arcjolt                  Conj/Air       19%        1d29      5%          5
 Freeze                   Ice            100%       1d10      1%          1
 Magic Dart               Conj           100%       1d8       1%          1
 Sandblast                Erth           100%       2d20      1%          1
 Slow                     Hex            100%       N/A       1%          1
 Apportation              Tloc           50%        N/A       2%          1
 Summon Small Mammal      Summ           100%       N/A       2%          1
 Frozen Ramparts          Ice            52%        1d8       2%          3
 Flame Wave               Conj/Fire      36%        2d10      2%          4
 Sticky Flame             Conj/Fire      36%        2d6       2%          4
 Ensorcelled Hibernation  Hex/Ice        56%        N/A       3%          2
 Inner Flame              Hex/Fire       21%        N/A       3%          3
 Call Imp                 Summ           25%        N/A       4%          2
 Lesser Beckoning         Tloc           50%        N/A       4%          2
 Scorch                   Fire           22%        2d6       4%          2
 Ignite Poison            Fire/Tmut/Pois 19%        N/A       4%          3
 Irradiate                Conj/Tmut      21%        3d18      4%          5
 Summon Guardian Golem    Hex/Summ       27%        N/A       6%          3
 Call Canine Familiar     Summ           25%        N/A       9%          3
 Gell's Gravitas          Tloc           25%        N/A       9%          3
 Teleport Other           Tloc           25%        N/A       9%          3
 Freezing Cloud           Conj/Ice/Air   17%        6-21      9%          5
 Spider Form              Tmut/Pois      23%        N/A       11%         3
 Anguish                  Hex/Necr       12%        N/A       26%         4
 Ice Form                 Ice/Tmut       25%        N/A       26%         4
 Summon Ice Beast         Ice/Summ       25%        N/A       26%         4
 Summon Lightning Spire   Summ/Air       22%        N/A       36%         4
 Metabolic Englaciation   Hex/Ice        14%        N/A       50%         5
 Blade Hands              Tmut           12%        N/A       58%         5
 Lehudib's Crystal Spear  Conj/Erth      29%        10d8      80%         8
 Dispersal                Tloc           12%        N/A       99%         6
 Simulacrum               Ice/Necr       11%        N/A       99%         6
 Storm Form               Tmut/Air       11%        N/A       100%        7
 Ignition                 Fire           5%         3d4       100%        8
 Maxwell's Capacitive Co  Air            9%         ∞         100%        8
 Animate Armour           Summ/Erth      Unusable   N/A       N/A         4

Dungeon Overview and Level Annotations

Branches:
Dungeon (15/15)            Temple (1/1) D:6            Lair (5/5) D:10
  Swamp (0/4) Lair:2        Snake (1/4) Lair:3        Slime (0/5) Lair:4
    Orc (2/2) D:12            Elf (0/3) Orc:2        Vaults (0/5) D:14
  IceCv (visited)
 Depths: D:15

Altars:
Ashenzari
Cheibriados
Kikubaaqudgha
Makhleb
Qazlal
Ru
Vehumet
Wu Jian
Zin
The Shining One

Shops:
D:13 !   Orc:1 *   Orc:2 =(:?

Annotations:
D:2 Sigmund
D:15 2 transporters, Hiweh's ghost, journeyman DgCj
Lair:4 exclusion: oklob plant


Innate Abilities, Weirdness & Mutations

Your dull iron-grey scales are very hard. (AC +14)
You are amphibious.
You cannot fit into any form of body armour.
You are cold-blooded and may be slowed by cold attacks.


Message History

The bolt of electricity hits the shock serpent.
The shock serpent completely resists.
The bolt of electricity hits the shock serpent.
The shock serpent completely resists.
The black mamba bites you but does no damage.
You take 32 damage, and have 86/126 hp.
MASSIVE DAMAGE!!
The black mamba attacks as you move away!
You block the black mamba's attack.
A black mamba comes into view.
The shock serpent shoots out a bolt of lightning at you!
The bolt of electricity hits you!!
The bolt of electricity hits the shock serpent.
The shock serpent completely resists.
You take 27 damage, and have 59/126 hp.
MASSIVE DAMAGE!!
The shock serpent attacks as you move away!
The shock serpent bites you but does no damage.
A black mamba comes into view.
The anaconda grabs you.
The anaconda bites you but does no damage.
The anaconda constricts you. You block the anaconda's attack.
The shock serpent bites you! The shock serpent shocks you!
* * * LOW HITPOINT WARNING * * *
You take 22 damage, and have 37/126 hp.
The anaconda's grasp on you weakens, but your attempt to escape fails.
You block the anaconda's attack. The anaconda constricts you.
The anaconda bites you but does no damage.
The shock serpent bites you!
* * * LOW HITPOINT WARNING * * *
The shock serpent shocks you!
* * * LOW HITPOINT WARNING * * *
The anaconda bites you but does no damage.
A black mamba comes into view.
The anaconda bites you but does no damage.
The anaconda constricts you.
An anaconda comes into view.
You take 23 damage, and have 14/126 hp.
You whack the anaconda! You burn the anaconda.
The anaconda is moderately wounded.
The anaconda bites you!
You die...

# #..)## ......
###....## .......
#.......# .......
#........##...#..
............####.#
..............##..#
..............##S.#
..........#.....S#
.##########..SS@##
#...SSS# #...#SS##
##### ##......#
......
#...S..##....#
##......$...##
##..........#
###...SS.....
#...##.......


You could see 4 anacondas, 3 shock serpents, a mana viper and 4 black mambas.

Vanquished Creatures
  Kirke (Lair:2)
  Louise (D:14)
  An orc warlord (Orc:2)
  A reaper (IceCv)
  An ettin (Orc:1)
  A fire dragon (Lair:1)
  Harold (D:11)
  5 ogre magi
  3 hydras
  An anaconda (Lair:5)
  Erica (D:9)
  4 centaur warriors
  4 boulder beetles
  A tengu warrior (D:14)
  18 two-headed ogres
  A shock serpent (Snake:1)
  9 death yaks
  An orc high priest (Orc:2)
  8 skeletal warriors
  A goliath frog (Lair:5)
  2 skysharks
  Lodul (D:14)
  2 bog bodies (Lair:2)
  An orc knight (D:15)
  3 orc sorcerers
  3 deep elf pyromancers
  9 ugly things
  4 cyclopes
  3 manticores
  13 elephants
  An ice statue (IceCv)
  Joseph (Lair:1)
  A gargoyle (D:10)
  22 cane toads
  5 black mambas
  A rime drake (Lair:4)
  An unseen horror (D:7)
  A yaktaur (D:15)
  2 anaconda simulacra (IceCv)
  12 komodo dragons
  A komodo dragon (shapeshifter) (D:14)
  3 tyrant leeches (Lair:5)
  2 burning bushes (Lair:1)
  4 trolls
  2 hornets
  10 dream sheep (Lair:5)
  25 blink frogs
  A vampire (D:7)
  13 slime creatures
  A shadow (D:11)
  A spriggan (Lair:5)
  3 wraiths
  3 wyverns
  2 dire elephant simulacra (IceCv)
  3 basilisks
  A hog (Lair:2)
  A steam dragon (D:7)
  27 vampire mosquitoes
  36 yaks
  2 death yak simulacra (IceCv)
  2 wargs (Orc:1)
  3 nagas
  An acid dragon (D:8)
  4 swamp worms (Lair:2)
  2 hydra simulacra (IceCv)
  13 water moccasins
  21 orc warriors
  A sky beast (D:8)
  2 black bears
  33 ogres
  19 wolves
  14 centaurs
  2 phantoms (D:5)
  5 kobold brigands
  18 bullfrogs
  5 two-headed ogre simulacra (IceCv)
  A gnoll sergeant (D:7)
  A cane toad simulacrum (IceCv)
  3 scorpions
  8 wights (D:7)
  2 elephant simulacra (IceCv)
  13 killer bees
  A howler monkey (D:8)
  2 electric eels
  3 jellies
  2 gnoll boudas
  6 orc priests
  5 hounds
  A sleepcap (D:5)
  5 iguanas
  17 orc wizards
  9 spriggan simulacra (IceCv)
  5 hell rats (Lair:3)
  A wolf simulacrum (IceCv)
  2 polar bear simulacra (IceCv)
  6 troll simulacra (IceCv)
  5 gnolls
  5 naga simulacra (IceCv)
  2 adders
  6 white imps
  6 ufetubi (IceCv)
  2 worms (D:3)
  3 dart slugs
  46 orcs
  3 bats
  7 endoplasms
  2 giant cockroaches (D:4)
  5 goblins
  3 hobgoblins
  7 jackals
  6 quokkas
  A frilled lizard (D:3)
  18 kobolds
  7 rats
665 creatures vanquished.

Vanquished Creatures (collateral kills)
  Grinder (D:5)
  A water moccasin (D:5)
  A black bear (D:4)
  A hound (D:5)
  A sleepcap (D:5)
  An orc wizard (D:4)
  An iguana (D:5)
  A gnoll (D:5)
  2 orcs (D:4)
  3 jackals
13 creatures vanquished.

Vanquished Creatures (others)
  A human (Lair:3)
  A centaur (D:7)
  12 fulminant prisms
  34 fungi
  131 plants
179 creatures vanquished.

Grand Total: 857 creatures vanquished

Notes
Turn   | Place    | Note
-------+----------+-------------------------------------------
     0 | D:1      | jasper the Draconian Hedge Wizard began the quest for the
                  | Orb.
     0 | D:1      | Reached XP level 1. HP: 14/14 MP: 4/4
   402 | D:1      | Reached XP level 2. HP: 20/20 MP: 0/6
   412 | D:1      | Learned a level 2 spell: Blink
   415 | D:1      | Learned a level 2 spell: Call Imp
   418 | D:1      | Learned a level 2 spell: Cigotuvi's Dreadful Rot
   718 | D:1      | You fall into a shaft and drop 1 floor!
  1430 | D:2      | Noticed Sigmund
  1475 | D:2      | Reached XP level 3. HP: 26/26 MP: 0/7
  2230 | D:3      | Found a sacrificial altar of Ru.
  3257 | D:4      | Noticed a black bear
  3274 | D:4      | Reached skill level 1 in Air Magic
  3274 | D:4      | Reached XP level 4. HP: 30/32 MP: 5/9
  3288 | D:4      | Killed a black bear
  3289 | D:4      | Reached skill level 1 in Necromancy
  3289 | D:4      | Reached skill level 1 in Poison Magic
  3289 | D:4      | Reached XP level 5. HP: 26/38 MP: 1/11
  3296 | D:4      | Learned a level 3 spell: Mephitic Cloud
  4021 | D:5      | Entered Level 5 of the Dungeon
  4115 | D:5      | Reached XP level 6. HP: 38/45 MP: 5/12
  4330 | D:5      | Your scales start taking on a dull iron-grey colour.
  4330 | D:5      | Reduced skill Air Magic to level 1
  4330 | D:5      | Reached XP level 7. HP: 42/50 MP: 8/13
  4481 | D:5      | Reached skill level 1 in Fighting
  4648 | D:5      | Noticed Grinder
  4688 | D:5      | Killed Grinder
  4689 | D:5      | Reached XP level 8. HP: 37/59 MP: 12/14
  5038 | D:5      | Reached skill level 5 in Evocations
  5413 | D:6      | Learned a level 3 spell: Ozocubu's Armour
  5490 | D:6      | Reached skill level 1 in Ice Magic
  5635 | D:6      | Found a staircase to the Ecumenical Temple.
  5704 | Temple   | Entered the Ecumenical Temple
  5735 | Temple   | Became a worshipper of Vehumet
  6142 | D:7      | Reached skill level 5 in Spellcasting
  6186 | D:7      | Reached XP level 9. HP: 58/68 MP: 10/16
  6234 | D:7      | Identified the +7 morningstar of Tegrunk {flame, Will+
                  | MP+9}
  6239 | D:7      | Noticed a manticore
  6244 | D:7      | Noticed a cyclops
  6255 | D:7      | Killed a cyclops
  6256 | D:7      | Killed a manticore
  6282 | D:7      | Killed an unseen horror
  6283 | D:7      | Reached skill level 5 in Fighting
  6344 | D:7      | Got the Grimoire of the Xenotype and the Tesseract
  6426 | D:7      | Reached XP level 10. HP: 58/81 MP: 10/21
  6516 | D:7      | Reached * piety under Vehumet
  6516 | D:7      | Offered knowledge of Foxfire by Vehumet.
  6793 | D:7      | Reached skill level 5 in Dodging
  8697 | D:9      | Noticed Erica
  8727 | D:9      | Killed Erica
  8958 | D:9      | Paralysed by a hornet for 2 turns
  9105 | D:9      | Reached ** piety under Vehumet
  9117 | D:9      | Offered knowledge of Static Discharge by Vehumet.
  9230 | D:9      | Learned a level 2 spell: Passwall
  9234 | D:9      | Learned a level 3 spell: Stone Arrow
  9625 | D:10     | Entered Level 10 of the Dungeon
  9763 | D:10     | Noticed a gargoyle
  9774 | D:10     | Killed a gargoyle
  9775 | D:10     | Reached skill level 10 in Spellcasting
  9775 | D:10     | Reached XP level 11. HP: 70/92 MP: 12/25
  9926 | D:10     | Reached skill level 1 in Earth Magic
 10033 | D:10     | Noticed a death yak
 10034 | D:10     | Noticed a death yak
 10039 | D:10     | Noticed a death yak
 10042 | D:10     | Noticed a death yak
 10048 | D:10     | Killed a death yak
 10049 | D:10     | Reached skill level 5 in Conjurations
 10052 | D:10     | Killed a death yak
 10052 | D:10     | Offered knowledge of Kindle Blastsparks by Vehumet.
 10065 | D:10     | Killed a death yak
 10066 | D:10     | Reached skill level 5 in Earth Magic
 10069 | D:10     | Killed a death yak
 10203 | D:10     | Found a staircase to the Lair.
 10710 | D:11     | Noticed Harold
 10834 | D:11     | Reached *** piety under Vehumet
 10915 | D:11     | Killed Harold
 10917 | D:11     | Noticed a two-headed ogre
 10938 | D:11     | Killed a two-headed ogre
 11470 | Lair:1   | Entered Level 1 of the Lair of Beasts
 11530 | Lair:1   | Reached XP level 12. HP: 100/100 MP: 19/26
 11532 | Lair:1   | Offered knowledge of Fulminant Prism by Vehumet.
 11541 | Lair:1   | Learned a level 4 spell: Fulminant Prism
 11550 | Lair:1   | Noticed Joseph
 11554 | Lair:1   | Noticed a boulder beetle
 11577 | Lair:1   | Killed Joseph
 11578 | Lair:1   | Reached skill level 1 in Hexes
 11611 | Lair:1   | Killed a boulder beetle
 12630 | Lair:1   | Noticed a fire dragon
 12637 | Lair:1   | Killed a fire dragon
 12677 | Lair:1   | Identified the staff of poison "Tietrec" {Drain Fly rPois
                  | rF++ Dex-2}
 12699 | Lair:1   | Learned a level 6 spell: Iron Shot
 12852 | Lair:2   | Found a frozen archway.
 12869 | Lair:2   | Reached skill level 10 in Conjurations
 13097 | IceCv    | Entered an ice cave
 13161 | IceCv    | Reached **** piety under Vehumet
 13245 | IceCv    | Offered knowledge of Yara's Violent Unravelling by Vehumet.
 13260 | IceCv    | Learned a level 5 spell: Yara's Violent Unravelling
 13336 | IceCv    | Reached skill level 1 in Transmutations
 13782 | IceCv    | Noticed a reaper
 13791 | IceCv    | Killed a reaper
 13938 | IceCv    | Got Sif Muna's Opusculum on Snow-white Curses
 14184 | Lair:2   | Reached XP level 13. HP: 104/111 MP: 7/27
 14474 | Lair:2   | Reached skill level 10 in Fighting
 14621 | Lair:2   | Found a staircase to the Swamp.
 14811 | Lair:2   | Reached ***** piety under Vehumet
 14811 | Lair:2   | Offered knowledge of Iskenderun's Mystic Blast by Vehumet.
 15233 | Lair:3   | Noticed Kirke
 15251 | Lair:2   | Killed Kirke
 15855 | Lair:3   | Found a staircase to the Snake Pit.
 16685 | Lair:4   | Reached skill level 10 in Dodging
 16718 | Lair:4   | Reached skill level 1 in Shields
 16758 | Lair:4   | Found a glowing golden altar of the Shining One.
 16926 | Lair:4   | Reached skill level 2 in Shields
 16972 | Lair:4   | Found a staircase to the Slime Pits.
 16980 | Lair:4   | Reached skill level 3 in Shields
 17105 | Lair:4   | Reached skill level 4 in Shields
 17250 | Lair:5   | Entered Level 5 of the Lair of Beasts
 17529 | Lair:5   | Reached skill level 5 in Shields
 17603 | Lair:5   | Reached skill level 6 in Shields
 17910 | Lair:5   | Reached skill level 7 in Shields
 18103 | Lair:5   | Reached XP level 14. HP: 121/121 MP: 26/28
 18209 | Lair:5   | Reached skill level 8 in Shields
 18254 | Lair:5   | Offered knowledge of Plasma Beam by Vehumet.
 18390 | Lair:5   | Reached skill level 9 in Shields
 18709 | Lair:5   | Got Vv's Secrets of Fire and Frost
 18710 | Lair:5   | Identified the +9 shortbow "Lomoun" {speed, rElec rPois
                  | rCorr Int-4 Dex+5}
 18724 | Lair:5   | Reached skill level 10 in Shields
 19244 | Lair:5   | Reached skill level 11 in Shields
 20158 | D:12     | Found a staircase to the Orcish Mines.
 20455 | D:12     | Reached skill level 12 in Shields
 21071 | Orc:1    | Entered Level 1 of the Orcish Mines
 21071 | Orc:1    | Found Weof's Whimsical Warehouse.
 21664 | Orc:2    | Entered Level 2 of the Orcish Mines
 21933 | Orc:2    | Noticed an orc warlord
 21952 | Orc:2    | Killed an orc warlord
 21953 | Orc:2    | Reached skill level 13 in Shields
 22200 | Orc:2    | Reached skill level 14 in Shields
 22200 | Orc:2    | Reached XP level 15. HP: 37/126 MP: 29/29
 22216 | Orc:2    | Offered knowledge of Eringya's Noxious Bog by Vehumet.
 22519 | Orc:2    | Found a staircase to the Elven Halls.
 22795 | Orc:2    | Reached ****** piety under Vehumet
 22902 | Orc:2    | Found Bebilosy's Jewellery Emporium.
 22902 | Orc:2    | Found Citeje's Book Shop.
 22902 | Orc:2    | Found Not Quun's Antique Weapon Shop.
 22902 | Orc:2    | Found Qucwal's Magic Scroll Shoppe.
 22909 | Orc:2    | Reached skill level 15 in Shields
 22939 | Orc:2    | Bought a scroll of teleportation for 33 gold pieces
 24718 | D:13     | Found Macedwuw's Distillery.
 24721 | D:13     | Bought a potion of curing for 36 gold pieces
 24721 | D:13     | Bought a potion of curing for 36 gold pieces
 24721 | D:13     | Bought a potion of ambrosia for 96 gold pieces
 24946 | D:14     | Noticed Lodul
 24948 | D:14     | Offered knowledge of Arcjolt by Vehumet.
 24951 | D:14     | Killed Lodul
 25043 | D:14     | Reached skill level 10 in Earth Magic
 25164 | D:14     | Noticed Louise
 25176 | D:14     | Killed Louise
 25486 | D:14     | Found a gate to the Vaults.
 25495 | D:15     | Entered Level 15 of the Dungeon
 26019 | D:15     | Identified the +0 robe "Goecaqi" {Dex+2}
 26020 | D:15     | Noticed Hiweh's ghost (journeyman DgCj)
 26071 | D:15     | Found a transporter.
 26081 | D:15     | Found a transporter.
 26498 | Snake:1  | Entered Level 1 of the Snake Pit
 26722 | Snake:1  | Slain by an anaconda

Illustrated notes

Levels and vault maps discovered:
D:1:      dpeg_arrival_subterranean_lakeside_camping, layout_loops_ring,
          minmay_unequal
D:2:      kb_forest_paths, layout_rooms, basic_altar, uniq_sigmund
D:3:      layout_loops_corners, nicolae_ru_path_of_blood, kennysheep_cross_room,
          kennysheep_donut, kennysheep_generic_room_9
D:4:      layout_rooms, gup_sewer_entry_bowl, serial_curves, eino_curves_04,
          eino_curves_03, minmay_misc_feat_more_columns
D:5:      layout_rooms, serial_bayou, serial_bayou_shore_b, serial_bayou_pond_a,
          serial_bayou_shore_a, serial_bayou_crossing, uniq_grinder
D:6:      layout_rooms, minmay_temple_entry_statues_pillars
D:7:      minmay_the_grid_octo_triangle [minmay_the_grid_octo_odd_swirl,
          minmay_the_grid_octo_prize_star,
          minmay_the_grid_octo_tetromino_candy], layout_rooms
D:8:      layout_basic
D:9:      layout_basic, uniq_erica
D:10:     layout_loops_ring, dpeg_lair_monsters
D:11:     layout_rooms, uniq_harold
D:12:     layout_roguey, david_orc_4
D:13:     layout_basic, serial_shops, kennysheep_mini_moat
D:14:     layout_roguey, skrybe_vaults_entry_preservation, uniq_louise,
          uniq_lodul
D:15:     gammafunk_enter_depths_forms, layout_irregular_city, nzn_ghost_randoct
Temple:   regret_index_temple_sigil_plot
Lair:1:   dragon1_lemuel, layout_small_grid, evilmike_ambush
          [evilmike_ambush_outer_basic, evilmike_ambush_inner_wall_2],
          lemuel_fruit_tree, uniq_joseph
Lair:2:   layout_chaotic_city, nicolae_swamp_entry_splash_gauntlet,
          portal_ice_cave_entry_pillars_2, hibernation_bobbens
Lair:3:   layout_gridlike, guppyfry_snake_entry_garden, grunt_megastairs_4,
          uniq_kirke
Lair:4:   layout_big_grid, minmay_slime_entry_pillars, lemuel_oklob_altar
Lair:5:   minmay_lair_end_frog_pond, layout_regular_city,
          grunt_forest_large_clearing_hut
Snake:1:  layout_cave_pods, basic_altar
Orc:1:    layout_caves, nicolae_alphabet_shops
Orc:2:    st_orc_ogre_mass, layout_caves, enter_volcano_1

Skill      XL: |  1  2  3  4  5  6  7  8  9 10 11 12 13 14 15 |
---------------+----------------------------------------------+-----
Air Magic      | 1 1 |  1.5
Spellcasting   | 4 5 7 10 | 10.8
Conjurations   | 2 3 4 8 10 11 | 11.0
Necromancy     | 1 2 |  2.0
Translocations | 2 3 |  3.0
Poison Magic   | 1 2 |  2.0
Summonings     | 2 3 |  3.0
Dodging        | 2 4 6 7 10 | 10.0
Fighting       | 1 2 5 7 9 10 | 10.0
Evocations     | 4 6 |  6.0
Ice Magic      | 3 |  3.2
Earth Magic    | 8 11 | 11.5
Hexes          | 4 |  4.2
Transmutations | 3 |  3.0
Shields        | 7 14 15 | 15.0
Stealth        | |  1.7

Action                     |  1- 3 |  4- 6 |  7- 9 | 10-12 | 13-15 || total
---------------------------+-------+-------+-------+-------+-------++-------
  Melee: Dagger            |    41 |       |       |       |       ||    41
         Tailslap          |     6 |     9 |    27 |    71 |    14 ||   127
         Spear             |    19 |    64 |    41 |       |       ||   124
         Punch             |       |     2 |     3 |     5 |       ||    10
         Flail             |       |       |    52 |       |       ||    52
         Demon whip        |       |       |   126 |   421 |    94 ||   641
  Throw: Stone             |       |       |       |     1 |       ||     1
   Cast: Magic Dart        |    88 |    26 |    44 |    27 |       ||   185
         Call Imp          |     1 |     7 |     5 |       |       ||    13
         Cigotuvi's Dreadf |     1 |     2 |       |       |     1 ||     4
         Blink             |     1 |     1 |       |       |     1 ||     3
         Mephitic Cloud    |       |     1 |     1 |    12 |     8 ||    22
         Ozocubu's Armour  |       |       |     6 |    13 |     3 ||    22
         Stone Arrow       |       |       |       |   300 |   946 ||  1246
         Fulminant Prism   |       |       |       |     7 |     5 ||    12
         Iron Shot         |       |       |       |     3 |       ||     3
  Evoke: Wand              |       |       |     9 |    11 |     9 ||    29
         Lightning rod     |       |       |       |     7 |    13 ||    20
         Tin of tremorston |       |       |       |       |     6 ||     6
    Use: Scroll            |     8 |     3 |     3 |    13 |     6 ||    33
         Potion            |       |     3 |     1 |     3 |     1 ||     8
   Stab: Confused          |       |     2 |       |     1 |       ||     3
 Armour: Skin              |    28 |    19 |   137 |   260 |   215 ||   659
  Dodge: Dodged            |    41 |    43 |   166 |   406 |   324 ||   980
  Block: Kite shield       |       |       |       |       |   247 ||   247

Table legend: (Time is in decaauts)
 A = Elapsed time spent in this place.
 B = Non-inter-level travel time spent in this place.
 C = Inter-level travel time spent in this place.
 D = Time resting spent in this place.
 E = Time spent auto-exploring this place.
 F = Levels seen in this place.
 G = Mean time per level.
                   A        B        C        D        E       F      G
               +--------+--------+--------+--------+--------+-----+--------+
         Total |  26866 |  25113 |   1753 |   1962 |  18365 |  25 | 1074.6 |
       Dungeon |  15959 |  14718 |   1241 |    729 |  11141 |  15 | 1063.9 |
        Temple |     48 |     32 |     16 |      0 |     24 |   1 |   48.0 |
          Lair |   7607 |   7212 |    395 |    799 |   5074 |   5 | 1521.4 |
     Snake Pit |    223 |    223 |      0 |      0 |    192 |   1 |  223.0 |
  Orcish Mines |   2028 |   1928 |    100 |    249 |   1351 |   2 | 1014.0 |
      Ice Cave |    997 |    997 |      0 |    185 |    583 |   1 |  997.0 |
               +--------+--------+--------+--------+--------+-----+--------+

Top non-repeatable levels by time:
  Lair:5: 2068 daAuts
    D:13: 1615 daAuts
  Lair:2: 1542 daAuts
     D:8: 1517 daAuts
  Lair:1: 1447 daAuts
   Orc:2: 1368 daAuts
    D:12: 1357 daAuts
     D:3: 1355 daAuts
  Lair:4: 1284 daAuts
  Lair:3: 1266 daAuts
     D:5: 1241 daAuts
     D:7: 1190 daAuts
     D:1: 1187 daAuts
    D:10: 1054 daAuts
     D:9: 1044 daAuts
